 Dungeon Crawl Stone Soup version 0.31.0-11-ge490571c62 (webtiles) character file.

Game seed: 6391041755822372887

51 Gadfly the Ruffian (level 3, -2/26 HPs)
             Began as a Demonspawn Shapeshifter on Jan 27, 2024.
             Slain by a gnoll
             ... wielding a +0 flail
              (7 damage)
             ... on level 2 of the Dungeon.
             The game lasted 00:01:31 (1324 turns).

Gadfly the Ruffian (Demonspawn Shapeshifter)        Turns: 1324, Time: 00:01:32

Health: -2/26      AC:  4    Str: 16    XL:     3   Next: 58%
Magic:  3/3        EV: 12    Int: 10    God:
Gold:   60         SH:  0    Dex: 12    Spells: 2/2 levels left

rFire   . .          .
                       - Unarmed
rCold   . . .        (no shield)
rNeg    . . .        a - +1 animal skin
rPois   .            (helmet currently unavailable)
rElec   .            (cloak currently unavailable)
rCorr   .            (gloves currently unavailable)
SInv    .            (boots currently unavailable)
Will    .....        i - amulet of the acrobat
Stlth   +            (no ring)
HPRegen 0.24/turn    (no ring)
MPRegen 0.08/turn

%: acrobat
@: beast-form
A: beast (slay +1), rugged brown scales 1
a: Begin Untransformation


You were on level 2 of the Dungeon.
You were a hulking beast.
You visited 1 branch of the dungeon, and saw 2 of its levels.

You collected 60 gold pieces.

Inventory:

Armour
 a - a +1 animal skin (worn)
Jewellery
 i - an amulet of the acrobat (around neck)
Talismans
 c - a beast talisman
 d - a flux talisman
 l - a granite talisman
Scrolls
 e - a scroll of vulnerability {unknown}
 f - a scroll of poison
 g - a scroll of fear {unknown}
Potions
 b - a potion of lignification
 h - a potion of heal wounds
 j - a potion of mutation
 k - 2 potions of degeneration {unknown}


   Skills:
 + Level 1.6 Fighting
 * Level 2.4 Dodging
 + Level 2.9 Unarmed Combat
 * Level 1.5 Evocations
 + Level 2.9 Shapeshifting


You had 2 spell levels left.
You didn't know any spells.
Your spell library was empty.

Dungeon Overview and Level Annotations

Branches:
Dungeon (2/15)

Altars:
Fedhas


Innate Abilities, Weirdness & Mutations

You are a hulking beast.
Your limbs bulge with bestial killing power. (Slay +1)
You are partially covered in rugged brown scales. (AC +1, +3% HP)


Message History

You hit the quokka.
You kill the quokka!
No target in view!
No target in view!
No target in view!
No target in view!
No target in view!
No target in view!
k - 2 viscous amethyst potions A quokka comes into view.
You see here 2 green potions.
A quokka is nearby!
A quokka is nearby! 3 gnolls come into view.
A gnoll is wielding a +2 heavy flail.
The gnoll shouts! x2
A gnoll comes into view. It is wielding a +0 club.
The gnoll shouts!
The gnoll completely misses you. The gnoll closely misses you.
You barely miss the gnoll.
The quokka bites you but does no damage.
The gnoll closely misses you. The gnoll barely misses you.
The gnoll hits you with a +0 club.
You hit the gnoll.
The gnoll is heavily wounded.
The quokka bites you. The gnoll closely misses you.
You hit the gnoll.
You kill the gnoll!
The quokka closely misses you.
You hit the gnoll.
The gnoll is heavily wounded.
The gnoll hits you but does no damage.
The quokka bites you but does no damage.
You hit the gnoll.
The gnoll is heavily wounded.
The gnoll closely misses you.
The gnoll hits you with a +2 heavy flail!
Ouch! That really hurt!
* * * LOW HITPOINT WARNING * * *
The gnoll hits you with a +0 flail!
You die...

.##
..####.).####†.##...#
.# .....#..........#
.#
####..###.†####...#
.##
.......#........##.#
..# .####...####...#
## ### ##.## #..##. #
#.!.# ### # #.##.##.#
#.gh....#
#....#gr8..#.... ...
.g#...#..#.. .
..#...8...#.. ##
.##...##. # .# ##.##
.# ## #.# ## ### .. #
#. #.# #. #. #.#


You could see 3 gnolls and a quokka.

Vanquished Creatures
  A gnoll (D:2)
  2 adders (D:2)
  A ribbon worm (D:2)
  2 bats
  An endoplasm (D:1)
  A giant cockroach (D:1)
  3 goblins
  A hobgoblin (D:1)
  A quokka (D:2)
  3 ball pythons (D:1)
  4 frilled lizards (D:1)
  2 kobolds (D:1)
  2 rats (D:1)
24 creatures vanquished.

Notes
Turn   | Place    | Note
-------+----------+-------------------------------------------
     0 | D:1      | Gadfly the Demonspawn Shapeshifter began the quest for the
                  | Orb.
     0 | D:1      | Reached XP level 1. HP: 15/15 MP: 1/1
   406 | D:1      | Gained mutation: You are partially covered in rugged brown
                  | scales. (AC +1, +3% HP) [demonic ancestry]
   406 | D:1      | Reached XP level 2. HP: 14/21 MP: 2/2
   811 | D:2      | Found a blossoming altar of Fedhas.
   864 | D:2      | Found a faded altar of an unknown god.
   864 | D:2      | Noticed an eye of devastation
   869 | D:2      | Noticed a great orb of eyes
   869 | D:2      | Noticed a glass eye
   869 | D:2      | Noticed a golden eye
   930 | D:2      | Reached skill level 1 in Evocations
  1203 | D:2      | Reached XP level 3. HP: 10/26 MP: 3/3
  1324 | D:2      | Slain by a gnoll

Illustrated notes

Levels and vault maps discovered:
D:1:      dpeg_arrival_court, layout_loops_cross
D:2:      wad_crossroads, layout_loops_ring,
          hellmonk_ecumenical_altar_watching_god, basic_altar

Skill      XL: |  1  2 |
---------------+-------+-----
Dodging        | 2 |  2.4
Evocations     | 1 |  1.5
Fighting       | |  1.6
Unarmed Combat | |  2.9
Shapeshifting  | |  2.9

Action                     || total
---------------------------++-------
  Melee: Unarmed           ||    82
    Use: Scroll            ||     8
         Potion            ||     1
 Armour: Animal skin       ||    47
  Dodge: Dodged            ||    56
